 Dungeon Crawl Stone Soup version 0.29-a0-330-g52719c12eb (webtiles) character file.

Game seed: 13719752532905990492

352417 Charly the Black Belt (level 21, -1/173 HPs)
             Began as a Demonspawn Monk on Apr 18, 2022.
             Was the Champion of Cheibriados.
             Slain by a vault warden
             ... wielding a +0 glaive
              (54 damage)
             ... on level 4 of the Vaults.
             The game lasted 02:02:15 (55717 turns).

Charly the Black Belt (Demonspawn Monk)            Turns: 55717, Time: 02:02:15

Health: -1/173     AC: 10    Str: 31    XL:     21   Next: 31%
Magic:  32/32      EV: 33    Int: 31    God:    Cheibriados [******]
Gold:   2535       SH: 20    Dex: 33    Spells: 10/32 levels left

rFire   + . .      SeeInvis +     - Unarmed
rCold   + + .      Faith    +   j - +5 kite shield {rC+}
rNeg    + . .      Spirit   .   D - +0 robe of the Gate {rN+ Archmagi}
rPois   +          Reflect  .   (helmet unavailable)
rElec   .          Harm     .   z - scarf {rC+ rF+}
rCorr   .          Rampage  .   Z - +1 pair of gloves of Repulsion {rPois rF- Will+ SInv}
Will    ++...      Archmagi +   h - +2 pair of boots
Stlth   ++++......              q - amulet of Ati Lich {Faith Fly rF+ Slay+2 Stlth+}
HPRegen 0.38/turn               P - +4 ring of evasion
MPRegen 0.23/turn               C - +4 ring of evasion

@: flying, studying Throwing, very slow
A: horns 3, rugged brown scales 3, demonic guardian 2, demonic magic 3
}: 2/15 runes: decaying, serpentine
a: Renounce Religion, Bend Time, Temporal Distortion, Slouch, Step From Time


You were on level 4 of the Vaults.
You worshipped Cheibriados.
Cheibriados was exalted by your worship.
You visited 7 branches of the dungeon, and saw 36 of its levels.
You visited 1 bazaar.
You also visited: Gauntlet, Volcano and Wizlab.

You collected 7551 gold pieces.
You spent 5016 gold pieces at shops.

Inventory:

Hand Weapons
 m - the +8 dagger "Udaps" {pain, *Rage rPois Will+ Str+4}
   (You found it in a Gauntlet)

   In the hands of one skilled in necromantic magic, it inflicts extra damage on
   living creatures.
   Str:       It affects your strength (+4).
   rPois:     It protects you from poison.
   *Rage:     It berserks you when you make melee attacks (+20% chance).
   Will:      It increases your willpower.
Missiles
 t - 2 throwing nets
 O - 9 curare-tipped darts
Armour
 h - a +2 pair of boots (worn)
 j - a +5 kite shield of cold resistance (worn)
 s - a +2 pair of boots of flying
 z - a scarf of resistance (worn)
 D - the +0 robe of the Gate (worn) {rN+ Archmagi}
   (You found it on level 6 of the Lair of Beasts)

   rN:        It protects you from negative energy.
   Archmagi:  It increases the power of your magical spells.
 Z - the +1 pair of gloves of Repulsion (worn) {rPois rF- Will+ SInv}
   (You bought it in a shop in a bazaar)

   rF:        It makes you vulnerable to fire.
   rPois:     It protects you from poison.
   SInv:      It lets you see invisible.
   Will:      It increases your willpower.
Jewellery
 c - a ring of protection from cold
 f - a ring of protection from fire
 i - a ring of see invisible
 q - the amulet of Ati Lich (around neck) {Faith Fly rF+ Slay+2 Stlth+}
   (You took it off an orc wizard on level 9 of the Dungeon)

   [amulet of faith]

   It allows you to gain divine favour quickly.
   Slay:      It affects your accuracy & damage with ranged weapons and melee
   (+2).
   rF:        It protects you from fire.
   Fly:       It grants you flight.
   Stlth:     It makes you more stealthy.
 C - a +4 ring of evasion (right hand)
 P - a +4 ring of evasion (left hand)
 U - the amulet of Daisies {Spirit Regen+ rCorr Int-3 Stlth+}
   (You found it on level 14 of the Dungeon)

   [amulet of guardian spirit]

   It causes incoming damage to be divided between your reserves of health and
   magic.
   Int:       It affects your intelligence (-3).
   Regen:     It increases your rate of health regeneration.
   rCorr:     It protects you from acid and corrosion.
   Stlth:     It makes you more stealthy.
Wands
 a - a wand of polymorph (1)
 p - a wand of paralysis (4)
 w - a wand of mindburst (3)
 E - a wand of charming (16)
 I - a wand of digging (15)
 K - a wand of acid (27)
 T - a wand of iceblast (21)
 X - a wand of flame (41)
Scrolls
 d - 7 scrolls of fear
 k - 10 scrolls of blinking
 l - 10 scrolls of fog
 u - 2 scrolls of immolation
 y - 7 scrolls of magic mapping
 J - 3 scrolls of vulnerability
 L - 11 scrolls of teleportation
 M - 3 scrolls of summoning
 R - 3 scrolls of enchant armour
Potions
 b - 7 potions of invisibility
 e - 2 potions of resistance
 g - 10 potions of heal wounds
 n - 12 potions of attraction
 o - 7 potions of might
 r - 5 potions of cancellation
 v - 7 potions of brilliance
 A - 15 potions of curing
 G - 8 potions of ambrosia
 H - 4 potions of flight
 N - 8 potions of mutation
 Q - 2 potions of magic
 W - 2 potions of berserk rage
Miscellaneous
 x - a tin of tremorstones (inert)
 B - a phantom mirror
 F - a phial of floods
 S - a lightning rod (4/4)
 Y - a condenser vane (inert)


   Skills:
 - Level 13.3 Fighting
 - Level 4.0 Armour
 - Level 12.0 Dodging
 - Level 1.7 Stealth
 * Level 10.2 Shields
 - Level 19.2 Unarmed Combat
 - Level 6.3 Spellcasting
 + Level 1.8 Conjurations
 - Level 6.0 Translocations
 + Level 16.7 Transmutations
 * Level 12.7 Earth Magic
 - Level 15.0 Invocations
 - Level 9.9 Evocations


You had 10 spell levels left.
You knew the following spells:

 Your Spells              Type           Power      Damage    Failure   Level
a - Apportation           Tloc           100%       N/A       1%          1
b - Blink                 Tloc           100%       N/A       1%          2
c - Blade Hands           Tmut           53%        N/A       1%          5
l - Lesser Beckoning      Tloc           63%        N/A       2%          3
z - Irradiate             Conj/Tmut      39%        3d26      6%          5
S - Statue Form           Tmut/Erth      66%        N/A       3%          6

Your spell library contained the following spells:

 Spells                   Type           Power      Damage    Failure   Level
 Wereblood                Tmut           100%       N/A       0%          2
 Sting                    Tmut/Pois      100%       1d8       1%          1
 Stone Arrow              Conj/Erth      100%       3d13      1%          3
 Petrify                  Tmut/Erth      100%       N/A       1%          4
 Gell's Gravitas          Tloc           63%        N/A       2%          3
 Teleport Other           Tloc           63%        N/A       2%          3
 Ice Form                 Ice/Tmut       75%        N/A       3%          4
 Magic Dart               Conj           100%       1d8       4%          1
 Foxfire                  Conj/Fire      92%        2x1d8     8%          1
 Animate Armour           Summ/Erth      100%       N/A       8%          4
 Passage of Golubria      Tloc           63%        N/A       9%          4
 Alistair's Intoxication  Tmut/Pois      50%        N/A       10%         5
 Yara's Violent Unravell  Hex/Tmut       37%        3d15      10%         5
 Dragon Form              Tmut           53%        N/A       10%         7
 Animate Skeleton         Necr           28%        N/A       11%         1
 Summon Small Mammal      Summ           56%        N/A       11%         1
 Call Imp                 Summ           14%        N/A       16%         2
 Corpse Rot               Necr/Air       28%        N/A       16%         2
 Poisonous Vapours        Pois/Air       28%        N/A       16%         2
 Sublimation of Blood     Necr           14%        N/A       16%         2
 Conjure Flame            Conj/Fire      23%        6-21      22%         3
 Dazzling Flash           Conj/Hex       46%        N/A       22%         3
 Mephitic Cloud           Conj/Pois/Air  20%        N/A       24%         3
 Manifold Assault         Tloc           63%        N/A       26%         5
 Call Canine Familiar     Summ           14%        N/A       32%         3
 Frozen Ramparts          Ice            28%        1d4       32%         3
 Inner Flame              Hex/Fire       14%        N/A       32%         3
 Ozocubu's Armour         Ice            14%        N/A       32%         3
 Summon Guardian Golem    Hex/Summ       14%        N/A       32%         3
 Tukima's Dance           Hex            14%        N/A       32%         3
 Flame Wave               Conj/Fire      23%        2d7       58%         4
 Hailstorm                Conj/Ice       23%        3d7       58%         4
 Iron Shot                Conj/Erth      35%        9d7       63%         6
 Airstrike                Air            7%         N/A       71%         4
 Dispel Undead            Necr           14%        3d10      71%         4
 Olgreb's Toxic Radiance  Pois           14%        N/A       71%         4
 Summon Ice Beast         Ice/Summ       14%        N/A       71%         4
 Summon Lightning Spire   Summ/Air       14%        N/A       71%         4
 Dispersal                Tloc           31%        N/A       80%         6
 Lightning Bolt           Conj/Air       11%        1d24      90%         5
 Agony                    Necr           14%        N/A       96%         5
 Metabolic Englaciation   Hex/Ice        7%         N/A       96%         5
 Silence                  Hex/Air        7%         N/A       96%         5
 Death Channel            Necr           7%         N/A       100%        6
 Simulacrum               Ice/Necr       7%         N/A       100%        6
 Spellforged Servitor     Conj/Summ      11%        N/A       100%        7
 Summon Hydra             Summ           7%         N/A       100%        7
 Lehudib's Crystal Spear  Conj/Erth      35%        10d9      100%        8


Dungeon Overview and Level Annotations

Branches:
Dungeon (15/15)            Temple (1/1) D:5            Lair (6/6) D:10
  Swamp (4/4) Lair:4        Snake (4/4) Lair:2        Slime (0/5) Lair:6
    Orc (2/2) D:12            Elf (0/3) Orc:2        Vaults (4/5) D:14
  Crypt (0/3) Vaults:2     Depths (0/4) D:15        Volcano (visited)
 WizLab (visited)         Gauntlet (visited)

Altars:
Ashenzari
Cheibriados
Elyvilon
Gozag
Hepliaklqana
Kikubaaqudgha
Makhleb
Sif Muna
Trog
Uskayaw
Wu Jian
Xom
Zin
Beogh
Jiyva
Lugonu

Shops:
D:13 !   Orc:2 ?(*?   Snake:2 =:   Vaults:2 *   Vaults:3 [

Portals:
Abyss: Lair:6


Innate Abilities, Weirdness & Mutations

You have a pair of large horns on your head.
You are completely covered in rugged brown scales. (AC +3, +7% HP)
A demonic guardian rushes to your aid.
Spells you cast and wands you use may paralyse nearby enemies.


Message History

You kill the ironbound preserver!
Cheibriados thoroughly appreciates the change of pace.
You block the ironbound preserver's attack.
The vault guard completely misses you.
The ironbound convoker hits you with a +0 morningstar!
The vault warden hits you but does no damage.
You beat the ironbound preserver into a bloody pulp!!!!
You headbutt the ironbound preserver.
The ironbound preserver is severely wounded.
The vault guard hits you but does no damage.
The vault warden barely misses you.
You pummel the ironbound preserver!! You headbutt the ironbound preserver.
The ironbound preserver is almost dead.
The ironbound convoker points at the vault warden and mumbles some strange words.
The vault warden seems to grow stronger.
You block the vault guard's attack.
The vault warden hits you from afar with a +0 glaive!
You squash the ironbound preserver like an ant!!!!
You kill the ironbound preserver!
Cheibriados thoroughly appreciates the change of pace.
The ironbound convoker hits you with a +0 morningstar!
You block the vault guard's attack.
The vault warden hits you from afar with a +0 glaive!!!
You squash the ironbound convoker like an ant!!!
You kill the ironbound convoker!
Cheibriados appreciates the change of pace.
You revert to your normal fleshy form.
The +1 pair of gloves of Repulsion {rPois rF- Will+ SInv} unmelds from your body.
Your +2 pair of boots unmelds from your body.
The +0 robe of the Gate {rN+ Archmagi} unmelds from your body.
You block the vault guard's attack.
The vault warden unwields a +0 glaive.
The vault warden wields a +0 arbalest.
The vault warden shoots a bolt.
The bolt closely misses you. The vault guard completely misses you.
The vault warden unwields a +0 arbalest.
The vault warden wields a +0 glaive.
The vault warden hits you with a +0 glaive!!!
You block the vault guard's attack.
The vault warden hits you with a +0 glaive!!!
You die...

########### #..........
#..........
########..........
#......#..)p......
#.>....#..@p......
#......+.)........
#......#..........
#......#.......... #####
#......#..........
....#####'####..........
....#......# ##+###+####
....#......# ... ..
....#......#. ..


You could see a vault warden (strong) and a vault guard.

Vanquished Creatures
  Mara (Snake:3)
  Vashnia (Snake:4)
  Saint Roka (Orc:2)
  Nikola (Snake:4)
  The ghost of Pacuthruo the Gelid, an adept NaIE of Cheibriados (Snake:4)
  A walking crystal tome (WizLab)
  Zenata (Vaults:3)
  Asterion (Snake:3)
  A walking frostbound tome (WizLab)
  An ancient champion (Vaults:2)
  Gastronok (D:8)
  2 sphinxes (Vaults:1)
  3 tengu reavers
  A revenant (Vaults:2)
  A strange machine (WizLab)
  A fire giant (Vaults:4)
  Donald (Vaults:1)
  A nagaraja (Snake:1)
  Aizul (Snake:3)
  2 orc warlords
  2 ghouls (Swamp:2)
  5 vault wardens
  12 very ugly things
  11 ironbound preservers
  3 stone giants (Vaults:1)
  2 ironbound thunderhulks (Vaults:3)
  Nessos (D:15)
  A broodmother (shapeshifter) (Vaults:1)
  15 dire elephants
  2 deep elf demonologists (Vaults:1)
  Azrael (D:12)
  2 entropy weavers
  3 eleionomae
  3 bunyips
  A red draconian (Volcano)
  Snorg (D:12)
  2 minotaurs
  A deep elf death mage (Vaults:1)
  The ghost of aaabbb the Thaumaturge, a journeyman DjIE of Makhleb (D:12)
  3 ettins (Vaults:1)
  3 great orbs of eyes
  9 yaktaur captains
  2 deep elf high priests (Vaults:1)
  4 salamander tyrants
  A shambling mangrove (Swamp:4)
  Harold (Orc:1)
  A peacekeeper (Vaults:4)
  26 naga warriors
  The ghost of starts1789 the Geomancer, a journeyman DgEE (Lair:1)
  3 ice dragons (Swamp:4)
  9 vault guards
  A spriggan air mage (Swamp:4)
  9 rakshasas (WizLab)
  19 hydras
  9 ogre magi
  A catoblepas (Lair:5)
  6 boulder beetles
  20 anacondas
  8 ironbound frosthearts
  31 two-headed ogres
  13 centaur warriors
  7 alligators
  13 dancing weapons (WizLab)
  2 tengu warriors (D:15)
  16 death yaks
  3 thrashing horrors (Lair:6)
  Urug (Lair:5)
  6 shock serpents
  18 naga sharpshooters
  Sonja (Lair:1)
  A soul eater (Vaults:2)
  A hell knight (Vaults:1)
  3 salamander mystics
  16 deep trolls
  5 goliath frogs
  9 skeletal warriors
  2 glowing orange brains
  9 lindwurms
  9 wizards
  A swamp dragon (Swamp:2)
  2 bog bodies
  Pikel (D:5)
  15 naga ritualists
  A wolf spider (D:15)
  2 orc knights
  14 ironbound convokers
  9 harpies
  A necromancer (Vaults:1)
  6 cyclopes
  An oklob plant (Lair:3)
  2 deep elf pyromancers (D:14)
  4 orc sorcerers
  A will-o-the-wisp (Swamp:3)
  3 manticores
  23 salamanders
  13 mana vipers
  A human zombie (Vaults:1)
  25 ugly things
  11 elephants
  24 naga magi
  An ice statue (Gauntlet)
  9 guardian serpents
  4 torpor snails
  9 cane toads
  15 vault sentinels
  38 black mambas
  A gargoyle (D:7)
  2 minotaur zombies (Gauntlet)
  Maggie (D:9)
  An elf skeleton (Vaults:1)
  4 rime drakes
  An unseen horror (D:12)
  2 kobold demonologists
  13 komodo dragons
  26 yaktaurs
  An unseen horror (shapeshifter) (Vaults:1)
  9 freezing wraiths
  A yaktaur (shapeshifter) (D:13)
  2 efreet
  An ancient zyme (Lair:6)
  4 tengu conjurers
  A yaktaur skeleton (Vaults:1)
  4 polar bears
  3 meliai (D:13)
  7 trolls
  4 tyrant leeches
  7 hornets
  23 slime creatures
  20 blink frogs
  A dream sheep (Lair:6)
  A raiju (shapeshifter) (D:14)
  A centaur simulacrum (D:14)
  A culicivora (Vaults:3)
  8 spriggans
  3 flying skulls (Gauntlet)
  A shadow (D:13)
  5 wraiths
  3 ynoxinuls
  A water elemental (D:12)
  A fire bat (shapeshifter) (Lair:6)
  A vampire (D:14)
  11 small abominations (Lair:6)
  71 yaks
  6 wyverns
  8 basilisks
  A steam dragon (D:9)
  A redback (Vaults:2)
  3 fire elementals (D:12)
  8 vampire mosquitoes
  5 chaos spawn (Lair:6)
  A redback simulacrum (Gauntlet)
  3 swamp worm simulacra (Swamp:4)
  13 wargs
  An acid dragon (D:10)
  13 swamp worms
  15 water moccasins
  14 hydra simulacra
  3 hell hounds (D:12)
  Duvessa (D:4)
  49 nagas
  A sky beast (D:7)
  23 orc warriors
  An ice beast (D:7)
  A black bear (D:10)
  33 ogres
  8 wolves
  3 boggarts
  15 centaurs
  2 human skeletons (Vaults:1)
  A tengu (shapeshifter) (D:15)
  3 lemures (D:5)
  12 bullfrogs
  3 necrophages
  3 kobold brigands
  2 scorpions
  4 gnoll sergeants
  9 wights
  A hornet simulacrum (Gauntlet)
  23 killer bees
  7 howler monkeys
  An electric eel (D:12)
  15 orc priests
  4 jellies
  3 gnoll shamans
  4 hounds
  4 iron imps (Gauntlet)
  An iguana (D:5)
  Natasha (D:2)
  27 orc wizards
  Robin (D:4)
  20 gnolls
  A river rat (Lair:4)
  10 adders
  A shadow imp (D:8)
  2 white imps
  4 swamp drake simulacra (Swamp:4)
  A worm (D:3)
  3 dart slugs
  75 orcs
  3 bats
  5 endoplasms
  4 giant cockroaches
  11 hobgoblins
  2 jackals (D:1)
  5 quokkas
  2 ball pythons
  5 frilled lizards
  15 goblins
  14 kobolds
  A rat (D:1)
1423 creatures vanquished.

Vanquished Creatures (collateral kills)
  An ironbound preserver (Vaults:1)
  A naga warrior (Snake:1)
  An ironbound frostheart (Vaults:1)
  A two-headed ogre (Orc:2)
  A naga sharpshooter (Snake:2)
  A mana viper (Snake:1)
  A salamander (Snake:1)
  A troll (Orc:1)
  A hornet (D:10)
  3 blink frogs
  A fire elemental (D:12)
  2 vampire mosquitoes (D:12)
  A swamp worm (Swamp:1)
  An acid dragon (D:10)
  A water moccasin (Lair:4)
  An orc warrior (D:7)
  A centaur (D:6)
  A bullfrog (Lair:2)
  A scorpion (D:4)
  An electric eel (D:12)
  A jelly (D:12)
  A white imp (D:7)
  A swamp drake simulacrum (Swamp:4)
  A worm (D:2)
  3 orcs
  A hobgoblin (D:4)
31 creatures vanquished.

Vanquished Creatures (others)
  An alligator (Swamp:4)
  A black mamba (Snake:4)
  3 bloated husks
  A tyrant leech (Swamp:1)
  A swamp worm (Swamp:1)
  An orc warrior (Orc:1)
  A jelly (Lair:4)
  26 bushes (Lair:6)
  46 fungi
  149 plants
  2 withered plants (Snake:4)
232 creatures vanquished.

Grand Total: 1686 creatures vanquished

Notes
Turn   | Place    | Note
-------+----------+-------------------------------------------
     0 | D:1      | Charly the Demonspawn Monk began the quest for the Orb.
     0 | D:1      | Reached XP level 1. HP: 18/18 MP: 1/1
    23 | D:1      | Found a faded altar of an unknown god.
   218 | D:1      | Reached skill level 3 in Unarmed Combat
   579 | D:1      | Gained mutation: You have a pair of small horns on your
                  | head. [demonic ancestry]
   579 | D:1      | Reached XP level 2. HP: 24/24 MP: 2/2
  1055 | D:2      | Noticed Natasha
  1083 | D:2      | Gained mutation: A weak demonic guardian rushes to your
                  | aid. [demonic ancestry]
  1083 | D:2      | Reached XP level 3. HP: 29/29 MP: 3/3
  1205 | D:2      | Killed Natasha
  1206 | D:2      | Reached skill level 4 in Unarmed Combat
  1602 | D:2      | Found a shimmering blue altar of Sif Muna.
  1720 | D:2      | Reached XP level 4. HP: 31/35 MP: 4/4
  2636 | D:3      | Reached XP level 5. HP: 41/41 MP: 5/5
  2879 | D:4      | Noticed Edmund
  2929 | D:4      | Reached skill level 5 in Unarmed Combat
  3331 | D:4      | Noticed an ogre
  3481 | D:4      | Noticed Robin
  3600 | D:4      | Noticed Dowan
  3610 | D:4      | Noticed Duvessa
  4124 | D:5      | Entered Level 5 of the Dungeon
  4141 | D:5      | Reached XP level 6. HP: 39/49 MP: 6/6
  4398 | D:5      | Identified the +1 robe "Mios" {-Tele Harm Rampage rPois}
  4713 | D:5      | Reached skill level 5 in Fighting
  4862 | D:5      | Noticed Pikel
  5349 | D:5      | Reached skill level 6 in Unarmed Combat
  6063 | D:4      | Reached skill level 1 in Evocations
  6063 | D:4      | Gained mutation: You are partially covered in rugged brown
                  | scales. (AC +1, +3% HP) [demonic ancestry]
  6063 | D:4      | Reached XP level 7. HP: 31/57 MP: 7/7
  6448 | D:4      | Killed Duvessa
  6483 | D:4      | Noticed Dowan
  6483 | D:4      | Dowan changed into Dowan the boggart
  6491 | D:4      | Killed Dowan the boggart
  7182 | D:4      | Noticed Edmund
  7182 | D:4      | Edmund changed into Edmund the warg
  7193 | D:4      | Killed Edmund the warg
  7454 | D:4      | Killed Robin
  7778 | D:5      | Reached skill level 7 in Unarmed Combat
  7833 | D:5      | Killed Pikel
  7834 | D:5      | Reached skill level 8 in Unarmed Combat
  7834 | D:5      | Reached skill level 5 in Evocations
  7834 | D:5      | Gained mutation: A demonic guardian rushes to your aid.
                  | [demonic ancestry]
  7834 | D:5      | Reached XP level 8. HP: 28/63 MP: 8/8
  8055 | D:5      | Found a staircase to the Ecumenical Temple.
  8517 | D:6      | Reached skill level 1 in Armour
  9138 | D:6      | Reached XP level 9. HP: 58/71 MP: 9/9
  9293 | Temple   | Entered the Ecumenical Temple
  9516 | Temple   | Became a worshipper of Cheibriados the Contemplative
  9516 | Temple   | Reached * piety under Cheibriados
  9516 | Temple   | Reached ** piety under Cheibriados
  9846 | D:7      | Reached skill level 1 in Invocations
 10071 | D:7      | Reached skill level 9 in Unarmed Combat
 10660 | D:7      | Noticed a gargoyle
 10668 | D:7      | Killed a gargoyle
 10669 | D:7      | Reached skill level 5 in Invocations
 10707 | D:7      | Reached *** piety under Cheibriados
 11096 | D:7      | Noticed a two-headed ogre
 11096 | D:7      | Noticed a troll
 11108 | D:7      | Killed a two-headed ogre
 11109 | D:7      | Reached skill level 10 in Unarmed Combat
 11109 | D:7      | Reached XP level 10. HP: 55/78 MP: 12/14
 11551 | D:8      | Noticed Maurice
 11554 | D:8      | Noticed Maurice
 11554 | D:8      | Maurice changed into Maurice the scorpion
 11557 | D:8      | Killed Maurice the scorpion
 11678 | D:8      | Reached **** piety under Cheibriados
 11874 | D:8      | Noticed Gastronok
 12047 | D:9      | Reached skill level 5 in Dodging
 12103 | D:9      | Noticed a two-headed ogre
 12115 | D:9      | Killed a two-headed ogre
 12139 | D:9      | Reached skill level 11 in Unarmed Combat
 12561 | D:9      | Noticed a skeletal warrior
 12561 | D:9      | Noticed a boulder beetle
 12561 | D:9      | Noticed a centaur warrior
 12561 | D:9      | Noticed Maggie
 12567 | D:9      | Killed a centaur warrior
 12568 | D:9      | Reached XP level 11. HP: 82/85 MP: 16/16
 12569 | D:9      | Killed a boulder beetle
 12569 | D:9      | Killed Maggie
 12571 | D:9      | Killed a skeletal warrior
 13069 | D:9      | Reached skill level 12 in Unarmed Combat
 13195 | D:9      | Identified the amulet of Ati Lich {Faith Fly rF+ Slay+2
                  | Stlth+}
 13977 | D:10     | Entered Level 10 of the Dungeon
 14346 | D:10     | Found a staircase to the Lair.
 14448 | D:10     | Paralysed by a hornet for 3 turns
 14825 | D:10     | Reached ***** piety under Cheibriados
 15706 | Lair:1   | Entered Level 1 of the Lair of Beasts
 15886 | Lair:1   | Noticed a five-headed hydra
 15894 | Lair:1   | Killed a five-headed hydra
 16087 | Lair:1   | Noticed a minotaur
 16093 | Lair:1   | Noticed starts1789's ghost (journeyman DgEE)
 16111 | Lair:1   | Noticed a four-headed hydra
 16126 | Lair:1   | Killed a four-headed hydra
 16127 | Lair:1   | Gained mutation: You have a pair of horns on your head.
                  | [demonic ancestry]
 16127 | Lair:1   | Reached XP level 12. HP: 52/95 MP: 18/18
 16348 | Lair:1   | Found a runed translucent gate.
 16348 | Lair:1   | Found a runed translucent gate.
 16353 | Lair:1   | Found a runed translucent gate.
 16450 | Lair:1   | Noticed Sonja
 16460 | Lair:1   | Killed Sonja
 17049 | Lair:2   | Reached skill level 13 in Unarmed Combat
 17214 | Lair:2   | Found a dark tunnel.
 17227 | Lair:2   | Reached skill level 10 in Invocations
 17231 | Volcano  | Entered a volcano
 17397 | Volcano  | Found a bloodstained altar of Trog.
 17397 | Volcano  | Noticed a centaur warrior
 17402 | Volcano  | Noticed a red draconian
 17431 | Volcano  | Killed a centaur warrior
 17607 | Volcano  | Killed a red draconian
 18259 | Lair:2   | Reached skill level 15 in Unarmed Combat
 18259 | Lair:2   | Reached XP level 13. HP: 104/104 MP: 20/20
 18343 | Lair:2   | Found a staircase to the Snake Pit.
 19082 | Lair:3   | Identified the +5 war axe of Impatience {flame, *Noise
                  | rElec rC++ Str+4}
 20763 | Lair:4   | Gained mutation: Spells you cast may paralyse adjacent
                  | enemies. [demonic ancestry]
 20763 | Lair:4   | Reached XP level 14. HP: 69/112 MP: 22/22
 21419 | Lair:4   | Reached ****** piety under Cheibriados
 21503 | Lair:4   | Reached skill level 10 in Fighting
 21908 | Lair:4   | Found a staircase to the Swamp.
 22151 | Lair:5   | Identified the +1 scale mail of the Lonely Artists {Fly}
 22613 | Lair:5   | Reached skill level 16 in Unarmed Combat
 23342 | Lair:5   | Noticed Urug
 23352 | Lair:5   | Killed Urug
 23561 | Lair:6   | Entered Level 6 of the Lair of Beasts
 23606 | Lair:6   | Learned a level 5 spell: Blade Hands
 23656 | Lair:6   | Reached skill level 1 in Spellcasting
 23804 | Lair:6   | Reached skill level 1 in Transmutations
 24102 | Lair:6   | Identified the +0 robe of the Gate {rN+ Archmagi}
 24428 | Lair:6   | Gained mutation: Spells you cast may paralyse nearby
                  | enemies. [demonic ancestry]
 24428 | Lair:6   | Reached XP level 15. HP: 66/119 MP: 19/25
 24431 | Lair:6   | Reached skill level 5 in Transmutations
 24872 | Lair:6   | Found a staircase to the Slime Pits.
 24873 | Lair:6   | Found a viscous altar of Jiyva.
 25539 | Lair:6   | Reached skill level 5 in Spellcasting
 25884 | Lair:6   | Found a corrupted altar of Lugonu.
 25884 | Lair:6   | Found a one-way gate to the infinite horrors of the Abyss.
 26086 | Lair:6   | Identified a scroll of acquirement
 26087 | Lair:6   | Acquired a manual of Transmutations
 26430 | D:11     | Found a gate leading to a gauntlet.
 26442 | Gauntlet | Entered a Gauntlet
 26442 | Gauntlet | Found a transporter.
 26462 | Gauntlet | Found a transporter.
 26465 | Gauntlet | Found a transporter.
 26466 | Gauntlet | Found a transporter.
 26470 | Gauntlet | Found a runed translucent door.
 26472 | Gauntlet | Found a runed translucent door.
 26474 | Gauntlet | Found a transporter.
 26477 | Gauntlet | Found a transporter.
 26478 | Gauntlet | Found a transporter.
 26487 | Gauntlet | Found a transporter.
 26490 | Gauntlet | Found a transporter.
 26491 | Gauntlet | Found a transporter.
 26503 | Gauntlet | Found a transporter.
 26503 | Gauntlet | Found a transporter.
 26504 | Gauntlet | Found a transporter.
 26526 | Gauntlet | Found a transporter.
 26770 | Gauntlet | Identified the +1 plate armour of the Glamorous God {rElec
                  | Dex+3}
 26856 | Gauntlet | Identified the +8 dagger "Udaps" {pain, *Rage rPois Will+
                  | Str+4}
 27185 | Gauntlet | Identified the +2 robe of the Hidden Vale {-Tele Regen+
                  | Int+4 Stlth+}
 27186 | Gauntlet | Got The Almanac of Greatest Risks and Utility
 27207 | D:11     | Learned a level 2 spell: Blink
 27211 | D:11     | Learned a level 3 spell: Lesser Beckoning
 27213 | D:11     | Learned a level 1 spell: Apportation
 27682 | D:11     | Acquired 791 gold pieces
 27844 | D:12     | Found a runed translucent gate.
 27844 | D:12     | Found a runed translucent gate.
 27844 | D:12     | Found a runed translucent gate.
 27845 | D:12     | Noticed aaabbb's ghost (journeyman DjIE)
 27861 | D:12     | Reached skill level 10 in Transmutations
 27877 | D:12     | Reached skill level 1 in Translocations
 28116 | D:12     | Noticed Azrael
 28126 | D:12     | Killed Azrael
 28716 | D:12     | Noticed Snorg
 28723 | D:12     | Killed Snorg
 28867 | D:12     | Found a staircase to the Orcish Mines.
 29060 | D:12     | Killed aaabbb's ghost
 29254 | D:8      | Killed Gastronok
 29825 | Lair:1   | Killed starts1789's ghost
 30017 | D:13     | Found Zaos's Distillery.
 30024 | D:13     | Bought a potion of curing for 36 gold pieces
 30024 | D:13     | Bought a potion of curing for 36 gold pieces
 30024 | D:13     | Bought a potion of brilliance for 48 gold pieces
 30024 | D:13     | Bought a potion of heal wounds for 60 gold pieces
 30024 | D:13     | Bought a potion of lignification for 36 gold pieces
 30071 | D:13     | Identified the +2 robe "Plog" {rN+ Int+3}
 30174 | D:13     | Gained mutation: You are mostly covered in rugged brown
                  | scales. (AC +2, +5% HP) [demonic ancestry]
 30174 | D:13     | Reached XP level 16. HP: 76/129 MP: 22/26
 31125 | D:13     | Found Zaos's Distillery.
 31317 | D:14     | Reached skill level 5 in Translocations
 31649 | D:14     | Identified the amulet of Daisies {Spirit Regen+ rCorr Int-3
                  | Stlth+}
 32583 | D:14     | Found a gate to the Vaults.
 33014 | D:14     | Acquired 454 gold pieces
 33037 | D:15     | Entered Level 15 of the Dungeon
 33596 | D:15     | Found a staircase to the Depths.
 33866 | D:15     | Noticed Nessos
 33870 | D:15     | Killed Nessos
 33871 | D:15     | Reached skill level 10 in Dodging
 33871 | D:15     | Reached skill level 17 in Unarmed Combat
 33926 | D:15     | Identified the +3 dagger "Sejos" {holy, rPois}
 34195 | Orc:1    | Entered Level 1 of the Orcish Mines
 34558 | Orc:2    | Entered Level 2 of the Orcish Mines
 34558 | Orc:2    | Noticed Saint Roka
 34704 | Orc:2    | Killed Saint Roka
 34705 | Orc:2    | Reached skill level 15 in Invocations
 34910 | Orc:1    | Noticed Harold
 34916 | Orc:1    | Killed Harold
 35289 | Orc:2    | Found a burning altar of Makhleb.
 35551 | Orc:2    | Found a staircase to the Elven Halls.
 36047 | Orc:2    | Reached XP level 17. HP: 94/137 MP: 22/28
 36049 | Orc:2    | Paralysed by something for 2 turns
 36076 | Orc:2    | Found Roowo's Magic Scroll Boutique.
 36076 | Orc:2    | Found Gucokh Ewozo's Antique Weapon Emporium.
 36084 | Orc:2    | Found Yrphoy's General Store.
 36084 | Orc:2    | Found Cyurimno's Magic Scroll Shop.
 36360 | Orc:2    | Bought a scroll of magic mapping for 49 gold pieces
 36360 | Orc:2    | Bought a scroll of fear for 49 gold pieces
 36360 | Orc:2    | Bought a scroll of magic mapping for 49 gold pieces
 36360 | Orc:2    | Bought a scroll of blinking for 105 gold pieces
 36361 | Orc:2    | Bought a scroll of magic mapping for 38 gold pieces
 36362 | Orc:2    | Bought a scroll of teleportation for 39 gold pieces
 36362 | Orc:2    | Bought a scroll of teleportation for 39 gold pieces
 36806 | Swamp:1  | Entered Level 1 of the Swamp
 39158 | Swamp:3  | Reached skill level 18 in Unarmed Combat
 39538 | Swamp:4  | Entered Level 4 of the Swamp
 40998 | Swamp:4  | Got a decaying rune of Zot
 41574 | Snake:1  | Entered Level 1 of the Snake Pit
 41939 | Snake:1  | Reached XP level 18. HP: 107/149 MP: 23/29
 43667 | Snake:1  | Identified the +2 quarterstaff "Xaguadgh" {vorpal, Drain
                  | rElec rF++ Str+3}
 43823 | Snake:1  | Found a gateway to a bazaar.
 44117 | Bazaar   | Entered a bazaar
 44341 | Bazaar   | Found Wusyochuaj's Armour Emporium.
 44348 | Bazaar   | Found Myhigh's General Store.
 44385 | Bazaar   | Found Fudawaoj's Distillery.
 44393 | Bazaar   | Found Lopyg's Distillery.
 44410 | Bazaar   | Bought a potion of invisibility for 72 gold pieces
 44410 | Bazaar   | Bought a potion of might for 36 gold pieces
 44410 | Bazaar   | Bought a potion of curing for 27 gold pieces
 44410 | Bazaar   | Bought a potion of curing for 27 gold pieces
 44410 | Bazaar   | Bought a potion of magic for 72 gold pieces
 44416 | Bazaar   | Bought a potion of cancellation for 112 gold pieces
 44416 | Bazaar   | Bought a potion of curing for 42 gold pieces
 44416 | Bazaar   | Bought a potion of curing for 42 gold pieces
 44416 | Bazaar   | Bought a potion of might for 56 gold pieces
 44416 | Bazaar   | Bought a potion of brilliance for 56 gold pieces
 44416 | Bazaar   | Bought a potion of curing for 42 gold pieces
 44416 | Bazaar   | Bought a potion of might for 56 gold pieces
 44416 | Bazaar   | Bought a potion of curing for 42 gold pieces
 44478 | Bazaar   | Bought the +1 pair of gloves of Repulsion {rPois rF- Will+
                  | SInv} for 352 gold pieces
 44488 | Bazaar   | Bought a scroll of blinking for 120 gold pieces
 44488 | Bazaar   | Bought a scroll of vulnerability for 120 gold pieces
 44488 | Bazaar   | Bought a scroll of acquirement for 832 gold pieces
 44488 | Bazaar   | Bought a tin of tremorstones (2/2) for 640 gold pieces
 44488 | Bazaar   | Acquired 1089 gold pieces
 44986 | Snake:2  | Reached skill level 19 in Unarmed Combat
 46477 | Snake:2  | Found Ruid's Book Boutique.
 46478 | Snake:2  | Found Nicuos's Jewellery Emporium.
 46479 | Snake:2  | Found Hemetergh's Book Boutique.
 46485 | Snake:2  | Bought a book of Sloth for 576 gold pieces
 46492 | Snake:2  | Learned a level 6 spell: Statue Form
 46783 | Snake:2  | Bought a book of Transfigurations for 640 gold pieces
 46789 | Snake:2  | Learned a level 5 spell: Irradiate
 46927 | Snake:3  | Reached skill level 1 in Earth Magic
 46934 | Snake:3  | Noticed Aizul
 46945 | Snake:3  | Killed Aizul
 47271 | Snake:3  | Noticed Asterion
 47280 | Snake:3  | Killed Asterion
 48039 | Snake:3  | Noticed Mara
 48044 | Snake:3  | Killed Mara
 48202 | Snake:4  | Entered Level 4 of the Snake Pit
 48213 | Snake:4  | Found a runed translucent door.
 48213 | Snake:4  | Noticed Pacuthruo's ghost (adept NaIE)
 48213 | Snake:4  | Found the +13 scythe of Curses {drain, Drain}
 48483 | Snake:4  | Noticed Vashnia
 48486 | Snake:4  | Reached skill level 5 in Earth Magic
 48488 | Snake:4  | Gained mutation: You have a pair of large horns on your
                  | head. [demonic ancestry]
 48488 | Snake:4  | Reached XP level 19. HP: 109/156 MP: 16/30
 48491 | Snake:4  | Noticed Nikola
 48748 | Snake:4  | Killed Nikola
 48769 | Snake:4  | Killed Vashnia
 48921 | Snake:4  | Reached skill level 15 in Transmutations
 49252 | Snake:4  | Got a serpentine rune of Zot
 49792 | Snake:4  | Killed Pacuthruo's ghost
 50129 | Vaults:1 | Entered Level 1 of the Vaults
 50208 | Vaults:1 | Noticed Donald
 50211 | Vaults:1 | Killed Donald
 50453 | Vaults:1 | Reached skill level 1 in Shields
 50689 | Vaults:1 | Identified the +5 mace of the Enchanted Forest {flame,
                  | *Slow Str+4 Int+4}
 51616 | Vaults:1 | Reached skill level 5 in Shields
 51636 | Vaults:1 | Gained mutation: Spells you cast and wands you use may
                  | paralyse nearby enemies. [demonic ancestry]
 51636 | Vaults:1 | Reached XP level 20. HP: 163/163 MP: 26/31
 52132 | Vaults:1 | Acquired 977 gold pieces
 52204 | Vaults:2 | Reached skill level 10 in Earth Magic
 52294 | Vaults:2 | Found a magical portal.
 52306 | WizLab   | Entered Tukima's Studio
 52456 | WizLab   | Identified the +9 fustibalus of the Bright God {speed,
                  | rElec Str+3 Int+3}
 52526 | WizLab   | Noticed Charly's illusion
 53673 | Vaults:2 | Found a staircase to the Crypt.
 54016 | Vaults:2 | Found Lyusug's General Store.
 54024 | Vaults:2 | Bought a potion of attraction for 30 gold pieces
 54024 | Vaults:2 | Bought a potion of invisibility for 80 gold pieces
 54024 | Vaults:2 | Bought a scroll of teleportation for 30 gold pieces
 54024 | Vaults:2 | Bought a scroll of vulnerability for 75 gold pieces
 54103 | Vaults:3 | Noticed Zenata
 54115 | Vaults:3 | Killed Zenata
 54144 | Vaults:3 | Gained mutation: You are completely covered in rugged brown
                  | scales. (AC +3, +7% HP) [demonic ancestry]
 54144 | Vaults:3 | Reached XP level 21. HP: 119/173 MP: 24/32
 54722 | Vaults:3 | Paralysed by a great orb of eyes for 7 turns
 55281 | Vaults:3 | Found Vuli's Antique Armour Boutique.
 55289 | Vaults:3 | Bought a glowing tower shield for 255 gold pieces
 55409 | Vaults:4 | Reached skill level 10 in Shields
 55416 | Vaults:4 | Reached skill level 1 in Conjurations
 55717 | Vaults:4 | Slain by a vault warden

Illustrated notes

Levels and vault maps discovered:
D:1:      dpeg_arrival_more_subterranean_lakeside_camping, layout_loops_ring,
          basic_ecumenical_altar, serial_forest, infiniplex_forest_clump_small,
          infiniplex_forest_clump_small, infiniplex_forest_straight_2,
          infiniplex_forest_clump_tiny, infiniplex_forest_side_room,
          infiniplex_forest_lined_room_, infiniplex_forest_zigzag_2,
          grunt_decor_fettered, ebering_dispersal_statue_hall
D:2:      layout_rooms, basic_altar, uniq_natasha
D:3:      minmay_diamond_boxcup, layout_basic
D:4:      nicolae_cairo_tiling_large_dashed, layout_loops_corners, uniq_edmund,
          uniq_duvessa, uniq_robin
D:5:      layout_loops_corners, lemuel_coloured_pillars_altar,
          minmay_temple_entry_from_below_b, uniq_pikel
D:6:      layout_gridville
D:7:      layout_basic
D:8:      layout_loops_ring, hangedman_decor_peaks_small, minmay_misc_feat_rows,
          uniq_gastronok, uniq_maurice
D:9:      minmay_the_grid_3x2 [minmay_the_grid_tiny_cups,
          minmay_the_grid_holed_spiral, minmay_the_grid_dragon_a,
          minmay_the_grid_outer_circle, minmay_the_grid_odd_star,
          minmay_the_grid_prize_big_room], layout_gridville, uniq_maggie
D:10:     layout_stronghold, david_lair_generic, minmay_between
D:11:     layout_basic, gauntlet_entry_generic
D:12:     layout_basic, hiddenorc1_lemuel, gammafunk_ghost_spectres, uniq_snorg,
          uniq_azrael
D:13:     minmay_dotted_concentric_squares, layout_cave_pools, serial_shops,
          nicolae_shop_window_shopping
D:14:     minmay_opposing_rooms, layout_layer_cave, david_vaults_1,
          minmay_misc_feat_cross
D:15:     hangedman_depths_entry_try_elsewhere_first, layout_long_grid,
          minmay_misc_feat_more_columns, uniq_nessos
Temple:   mainiacjoe_temple_trianglar_array
Lair:1:   layout_hall_layers, maelrawn_ghost_gauntlet_escape,
          serial_bayou_pond_c, st_stairs_8, uniq_sonja
Lair:2:   layout_regular_city, guppyfry_snake_entry_garden,
          nicolae_volcano_entry_vermiform, hangedman_lair_unloving_vines
Lair:3:   gammafunk_indiana_jones, layout_hall_layers, minmay_lair_oklob_items,
          st_stairs_12
Lair:4:   layout_roguey, palyth_hydra_swamp_entry, serial_bayou_lagoon_b
Lair:5:   layout_loops_ring, nicolae_lair_yak_garden, serial_bayou_shore_b,
          lemuel_fruit_tree, infiniplex_staircase_pool, uniq_urug
Lair:6:   hellmonk_lair_end_abyssal_woods, layout_regular_city,
          dpeg_slime_entry_enclosed_altar, serial_forest,
          infiniplex_forest_clump_diagonal, infiniplex_forest_lined_3,
          infiniplex_forest_end_2, infiniplex_forest_diagonal,
          infiniplex_forest_diagonal, hangedman_lair_generics_rect,
          serial_bayou_shore_a
Swamp:1:  layout_basic_swamp, nicolae_swamp_tree_designs
Swamp:2:  layout_falls_marsh, nicolae_swamp_oxbows, swamp_pool2
Swamp:3:  layout_falls_marsh, serial_swamp_ruin, evilmike_swamp_ruin_house_6,
          evilmike_swamp_ruin_rubble_1, swamp_pool1
Swamp:4:  swamp_icy, layout_basic_swamp, nicolae_swamp_hydra_murder_den
Snake:1:  layout_chambers, serial_shops, bzr_entry_road, special_room,
          hangedman_snake_sidewinding
Snake:2:  layout_chambers, statue_in_the_mist_lemuel, nicolae_snake_shapes,
          minmay_shop_grove
Snake:3:  layout_cave_town, uniq_aizul, uniq_mara, uniq_asterion
Snake:4:  johnstein_snake_rune_scales, layout_onion, gammafunk_ghost_grave,
          uniq_vashnia, uniq_nikola
Orc:1:    layout_caves, uniq_harold
Orc:2:    st_orc_ogre_mass, layout_diamond_mine, basic_altar, mines1_david,
          uniq_saint_roka
Vaults:1: nicolae_vaults_ring_of_whatevers, st_greater_box_2,
          vaults_room_hallway, nicolae_vaults_ninety_degrees,
          vaults_mumra_chevron_long, vaults_mumra_hex,
          ontoclasm_vaults_claustrophobia, v_misc_26, vaults_room_semicircle,
          ontoclasm_vaults_eye, layout_vaults_omnicross, uniq_donald
Vaults:2: infiniplex_enter_wizlab_water, nicolae_vaults_little_squares_1,
          grunt_vaults_focal, v_misc_13, minmay_crypt_entry_simple_statues,
          hangedman_vaults_nodes, v_rooms_1, ontoclasm_vaults_pinch,
          hangedman_vaults_restitches, vaults_standard_mumra_x,
          nicolae_vaults_mini_display_case, v_misc_28, nicolae_vaults_asterisk,
          nicolae_vaults_asterisk, vaults_room_pools, layout_vaults_ring,
          serial_shops, nicolae_square_shop
Vaults:3: nicolae_vaults_little_squares_4, v_alt_pattern_6,
          nicolae_vaults_three_branches, vaults_dpeg_spiral,
          nicolae_vaults_little_squares_3, v_misc_22, v_pattern_3,
          nicolae_vaults_diagonal_hallway_8, nicolae_vaults_rhombus_5,
          v_misc_16, vaults_room_door_ring, vaults_room_mumra_shop_pool,
          vaults_room_ringed_pool, vaults_room_pool, layout_vaults_maze_bifur,
          uniq_zenata
Vaults:4: v_misc_3, vaults_room_corners, vaults_dpeg_diagonal,
          dpeg_vaults_monster_row, vaults_mumra_hexcomb, grunt_vaults_trifunnel,
          v_misc_18, vaults_dpeg_cross, hangedman_vaults_impose,
          nicolae_vaults_shelves_hall, nicolae_vaults_bisected_slash,
          layout_vaults_omnibox, serial_shops, shop

Skill      XL: |  1  2  3  4  5  6  7  8  9 10 11 12 13 14 15 16 17 18 19 20 21 |
---------------+----------------------------------------------------------------+-----
Unarmed Combat | 3 4 5 6 8 10 11 12 15 16 17 18 19 | 19.2
Fighting       | 4 5 6 8 9 10 11 12 13 | 13.3
Evocations     | 1 5 7 9 |  9.9
Armour         | 2 4 |  4.0
Invocations    | 5 7 9 10 11 14 15 | 15.0
Dodging        | 4 5 7 8 9 10 11 12 | 12.0
Spellcasting   | 3 6 |  6.3
Transmutations | 4 11 12 13 15 16 | 16.7
Translocations | 4 6 |  6.0
Earth Magic    | 5 9 12 | 12.7
Shields        | 5 9 10 | 10.2
Conjurations   | 1 |  1.8
Stealth        | |  1.7

Action                   |  1- 3 |  4- 6 |  7- 9 | 10-12 | 13-15 | 16-18 | 19-21 || total
-------------------------+-------+-------+-------+-------+-------+-------+-------++-------
Melee: Unarmed           |     9 |    19 |   108 |   437 |   729 |   866 |   652 ||  2820
       Dagger            |    24 |   122 |   109 |       |       |       |       ||   255
       Headbutt          |     6 |    24 |    48 |   118 |   219 |   245 |   207 ||   867
       Punch             |       |     3 |     8 |    48 |    67 |   134 |    18 ||   278
 Fire: Hunting sling     |    41 |   115 |    53 |    18 |       |       |       ||   227
Throw: Throwing net      |       |       |       |     6 |       |       |       ||     6
       Dart              |       |       |       |     2 |    20 |       |       ||    22
 Cast: Blade Hands       |       |       |       |       |    47 |   101 |       ||   148
       Lesser Beckoning  |       |       |       |       |       |    28 |    24 ||    52
       Apportation       |       |       |       |       |       |     1 |       ||     1
       Statue Form       |       |       |       |       |       |       |    57 ||    57
Invok: Slouch            |       |       |       |     5 |     4 |    22 |     6 ||    37
       Temporal Distorti |       |       |       |       |     1 |     5 |       ||     6
       Step From Time    |       |       |       |       |       |     3 |     3 ||     6
 Abil: End Transformatio |       |       |       |       |     2 |     3 |       ||     5
Evoke: Wand              |       |       |     3 |    23 |    11 |     4 |       ||    41
       Phial of floods   |       |       |       |       |     2 |     1 |       ||     3
       Condenser vane    |       |       |       |       |       |       |     2 ||     2
       Tin of tremorston |       |       |       |       |       |       |     2 ||     2
  Use: Scroll            |     4 |    10 |     3 |    14 |     9 |     6 |     7 ||    53
       Potion            |       |     1 |     6 |     1 |     1 |     4 |     2 ||    15
 Stab: Held in net/web   |       |       |       |     3 |       |       |       ||     3
       Sleeping          |       |       |       |     6 |     3 |     5 |     7 ||    21
       Distracted        |       |       |       |     1 |     4 |     7 |     3 ||    15
       Petrified         |       |       |       |       |     3 |       |       ||     3
       Petrifying        |       |       |       |       |     2 |       |       ||     2
       Paralysed         |       |       |       |       |    25 |    37 |    14 ||    76
       Invisible         |       |       |       |       |     2 |       |       ||     2
Armor: Robe              |     8 |    27 |    11 |       |       |       |     4 ||    50
       Skin              |       |    14 |    56 |       |       |       |   163 ||   233
       Ring mail         |       |       |    69 |   108 |       |       |       ||   177
       Swamp dragon scal |       |       |       |    57 |   131 |   141 |       ||   329
Dodge: Dodged            |    23 |    75 |   100 |   308 |   742 |  1052 |   874 ||  3174
Block: Kite shield       |       |       |       |       |       |       |   582 ||   582

Table legend: (Time is in decaauts)
 A = Elapsed time spent in this place.
 B = Non-inter-level travel time spent in this place.
 C = Inter-level travel time spent in this place.
 D = Time resting spent in this place.
 E = Time spent auto-exploring this place.
 F = Levels seen in this place.
 G = Mean time per level.
                   A        B        C        D        E       F      G
               +--------+--------+--------+--------+--------+-----+--------+
         Total |  78331 |  73399 |   4932 |   2303 |  58664 |  40 | 1958.3 |
       Dungeon |  29276 |  27284 |   1992 |   1182 |  21627 |  15 | 1951.7 |
        Temple |    320 |    225 |     95 |      0 |    219 |   1 |  320.0 |
          Lair |  15257 |  13872 |   1385 |    301 |  11355 |   6 | 2542.8 |
         Swamp |   6389 |   6098 |    291 |      0 |   5181 |   4 | 1597.2 |
     Snake Pit |  11740 |  11012 |    728 |    182 |   9060 |   4 | 2935.0 |
  Orcish Mines |   3408 |   3252 |    156 |    130 |   2582 |   2 | 1704.0 |
        Vaults |   8601 |   8317 |    284 |     49 |   6755 |   4 | 2150.2 |
        Bazaar |    771 |    771 |      0 |      0 |    551 |   1 |  771.0 |
       Volcano |    669 |    669 |      0 |    138 |    345 |   1 |  669.0 |
        Wizlab |    927 |    927 |      0 |     31 |    530 |   1 |  927.0 |
      Gauntlet |    968 |    968 |      0 |    289 |    457 |   1 |  968.0 |
               +--------+--------+--------+--------+--------+-----+--------+

Top non-repeatable levels by time:
 Snake:1: 3687 daAuts
 Snake:2: 3406 daAuts
  Lair:6: 3383 daAuts
Vaults:1: 3380 daAuts
     D:9: 3121 daAuts
     D:4: 3084 daAuts
  Lair:4: 3072 daAuts
    D:14: 2847 daAuts
    D:10: 2751 daAuts
 Snake:4: 2566 daAuts
Vaults:2: 2500 daAuts
 Swamp:4: 2464 daAuts
  Lair:3: 2352 daAuts
    D:12: 2298 daAuts
  Lair:5: 2244 daAuts
